 Dungeon Crawl Stone Soup version 0.31-a0-977-gc230f8ef24 (webtiles) character file.

Game seed: 16717640984960884292

56012 Spaninq the Fighter (level 14, -13/162 HPs)
             Began as a Demonspawn Berserker on Oct 29, 2023.
             Was a High Priest of Trog.
             Mangled by an orc warlord
             ... wielding a +6 war axe of distortion
              (15 damage)
             ... on level 2 of the Orcish Mines.
             The game lasted 00:59:09 (18175 turns).

Spaninq the Fighter (Demonspawn Berserker)         Turns: 18175, Time: 00:59:09

Health: -13/162    AC: 28    Str: 23    XL:     14   Next: 40%
Magic:  0/14       EV: 10    Int:  8    God:    Trog [*****.]
Gold:   1776       SH:  7    Dex: 13    Spells: 13/13 levels left

rFire   . . .        I - +8 broad axe (protect)
rCold   . . .        a - +1 buckler {reflect}
rNeg    . . .        z - +0 plate armour
rPois   +            (helmet restricted)
rElec   .            M - +0 cloak {rCorr}
rCorr   +            x - +2 pair of gloves {Stlth+}
SInv    +            H - +2 pair of boots {rampage}
Will    +++..        O - amulet of regeneration Stlth
                     j - ring of see invisible
HPRegen 2.27/turn    q - ring of poison resistance
MPRegen 0.28/turn

%: reflection, guardian spirit, rampage
@: berserking (expiring), strong-willed, under a protective aura, regenerating,
very quick
A: antennae 2, repulsion field 2, demonic guardian 1, magic shield, magic
regeneration, corrupting presence 1, frail 1
a: Renounce Religion, Berserk, Trog's Hand, Brothers in Arms


You were on level 2 of the Orcish Mines.
You worshipped Trog.
Trog was extremely pleased with you.
You visited 3 branches of the dungeon, and saw 19 of its levels.
You visited the Abyss 1 time.
You also visited: Ossuary.

You collected 2878 gold pieces.
You spent 1102 gold pieces at shops.

Inventory:

Hand Weapons
 b - a +4 scimitar of flaming
 p - the +9 whip "Demonbane" {spect, Fly rC- rN+++ Int+3}
   (You found it on level 3 of the Dungeon)

   Int+3:     It affects your intelligence (+3).
   rC-:       It makes you vulnerable to cold.
   rN+++:     It renders you almost immune to negative energy.
   Fly:       It grants you flight.
 I - a +8 broad axe of protection (weapon)
Armour
 a - a +1 buckler of reflection (worn)
 x - a +2 pair of gloves of stealth (worn)
 y - a +1 helmet
 z - a +0 plate armour (worn)
 E - a +0 tower shield
 H - a +2 pair of boots of rampaging (worn)
 M - a +0 cloak of preservation (worn)
Jewellery
 i - a ring of fire
 j - a ring of see invisible (left hand)
 q - a ring of poison resistance (right hand)
 O - an amulet of regeneration (around neck)
Wands
 k - a wand of polymorph (4)
 n - a wand of roots (5)
 o - a wand of paralysis (27)
 A - a wand of light (8)
 B - a wand of mindburst (12)
 D - a wand of flame (5)
Scrolls
 c - a scroll of revelation
 e - 5 scrolls of fear
 m - 2 scrolls of enchant armour
 t - 3 scrolls of fog
 v - 6 scrolls of teleportation
 w - 2 scrolls of enchant weapon
 C - a scroll of poison
 J - a scroll of silence
 L - a scroll of blinking
 N - a scroll of identify
Potions
 d - a potion of might
 f - 9 potions of curing
 g - a potion of heal wounds
 h - a potion of berserk rage
 l - 3 potions of lignification
 r - 4 potions of attraction
 s - a potion of invisibility
 u - 5 potions of enlightenment
 F - 2 potions of mutation
 G - a potion of haste


   Skills:
 + Level 14.2 Fighting
 * Level 11.9(13.9) Axes
 - Level 11.6(13.7) Maces & Flails
 - Level 7.0 Armour
 - Level 1.7 Dodging
 + Level 9.4 Shields


You had 13 spell levels left.
You didn't know any spells.
Your spell library was empty.

Dungeon Overview and Level Annotations

Branches:
Dungeon (13/15)            Temple (0/1) D:4            Lair (4/5) D:9
  Swamp (0/4) Lair:3       Spider (0/4) Lair:2          Orc (2/2) D:10
Ossuary (visited)
  Slime: Lair:4-5       Elf: Orc:2       Vaults: D:13-14

Altars:
Cheibriados
Fedhas
Gozag
Kikubaaqudgha
Makhleb
Okawaru
Qazlal
Wu Jian
Yredelemnul

Shops:
D:5 [   D:10 ?   Orc:2 [*

Annotations:
D:9 2 transporters


Innate Abilities, Weirdness & Mutations

You have a pair of antennae on your head.
You are surrounded by a moderate repulsion field. (EV +3)
A weak demonic guardian rushes to your aid.
When hurt, damage is shared between your health and your magic reserves.
You regenerate magic rapidly.
Your presence sometimes corrodes those you injure.
You are frail. (-10% HP)


Message History

* * * LOW HITPOINT WARNING * * *
You hit the orc warlord.
The orc warlord is heavily wounded.
You block the orc priest's attack.
You completely miss the orc warlord.
The orc warlord is heavily wounded.
The orc warlord hits you with a +6 war axe of distortion!
* * * LOW HITPOINT WARNING * * *
A demonic guardian appears!
You blink.
You rampage towards the orc priest!
You feel a strong urge to attack something.
You block the orc priest's attack.
The orc warlord blocks your ufetubus's attack.
Your ufetubus misses the orc warlord. You completely miss the orc priest.
You slice the orc priest like a ripe choko!!!
You kill the orc priest!
Trog accepts your kill. The orc warlord blocks your attack.
The orc warlord hits you but does no damage.
Space warps horribly around you!
* * * LOW HITPOINT WARNING * * *
The orc warlord hits your ufetubus with a +6 war axe of distortion.
Space warps around your ufetubus.
Your ufetubus dies!
Your ufetubus disappears in a puff of smoke!
You slice the orc warlord!!
The orc warlord is heavily wounded.
You slice the orc warlord!!
The orc warlord is severely wounded.
The orc warlord hits you with a +6 war axe of distortion!!
* * * LOW HITPOINT WARNING * * *
Space warps horribly around you!
* * * LOW HITPOINT WARNING * * *
The orc warlord blocks your attack.
The orc warlord is severely wounded.
The orc warlord hits you with a +6 war axe of distortion.
* * * LOW HITPOINT WARNING * * *
Space warps horribly around you!
You die...

............
...........
##.#.......#
#...........
#.#........
##..........
###....##...#.
##.))...#......
#<.§o@.........
##.#)........#
###..........
#######...........
###.##.#............
##......[............
#.......#.[[...##....
##..................
#...#....P..P......


You could see an orc warlord.

Vanquished Creatures
  An orc warlord (Orc:1)
  A green death (Abyss:4)
  A great orb of eyes (Abyss:4)
  2 boulder beetles
  A hydra (D:11)
  Erica (D:8)
  3 two-headed ogres
  A tengu warrior (D:13)
  2 orc high priests (Orc:2)
  A demonic crawler (Lair:2)
  5 thrashing horrors (Abyss:4)
  A hell knight (Abyss:4)
  4 skeletal warriors (D:12)
  A goliath frog (Lair:3)
  2 orc knights
  Pikel (D:6)
  A deep elf pyromancer (D:12)
  A wolf spider (D:13)
  2 orc sorcerers
  A cyclops (D:11)
  A manticore (D:12)
  2 black mambas
  8 elephants
  A torpor snail (Lair:3)
  Maurice (D:11)
  A smoke demon (Abyss:4)
  13 cane toads
  2 unseen horrors
  3 gargoyles
  Psyche (D:12)
  4 unseen horror zombies (D:9)
  An efreet (Abyss:4)
  6 komodo dragons
  5 trolls
  A hellwing (Abyss:4)
  A raiju (Abyss:4)
  3 polar bears
  Prince Ribbit (D:5)
  A hornet (D:10)
  7 blink frogs
  A harpy skeleton (Abyss:4)
  2 large abominations (Abyss:4)
  2 dream sheep (D:11)
  3 slime creatures (D:12)
  4 wyverns
  A ynoxinul (Abyss:4)
  A shadow (D:12)
  A vampire (D:10)
  38 yaks
  A wraith (Abyss:4)
  5 humans (D:7)
  A neqoxec (Abyss:4)
  Eustachio (D:5)
  4 vampire mosquitoes (D:12)
  4 basilisks
  A steam dragon (D:7)
  3 wargs
  Menkaure (D:6)
  7 water moccasins
  A hornet zombie (D:9)
  23 orc warriors
  2 black bears
  A sky beast (D:6)
  A wolf (Lair:1)
  8 ogres
  9 starcursed masses (Abyss:4)
  4 centaurs
  6 kobold brigands
  A lemure (D:6)
  4 elf zombies (Ossuary)
  Blork the orc (D:5)
  9 bullfrogs
  A gnoll sergeant (D:8)
  5 scorpions
  28 wights
  An electric eel (Lair:4)
  9 howler monkeys
  6 centaur zombies
  5 hounds
  A human zombie (Ossuary)
  18 orc priests
  2 sleepcaps
  An iguana (D:5)
  16 orc wizards
  2 mummies (Ossuary)
  6 gnolls
  A howler monkey zombie (D:9)
  9 adders
  A shadow imp (D:7)
  3 white imps
  An ufetubus (Abyss:4)
  An adder zombie (Ossuary)
  3 worms
  3 dart slugs
  60 orcs
  2 ball pythons (D:1)
  5 endoplasms
  7 giant cockroaches
  8 goblins
  8 hobgoblins
  4 jackals (D:1)
  A quokka (D:1)
  8 bats
  A frilled lizard (D:3)
  A goblin zombie (Ossuary)
  8 hobgoblin zombies (Ossuary)
  22 kobolds
  13 kobold zombies (Ossuary)
  8 orc zombies (Ossuary)
  3 rats
529 creatures vanquished.

Vanquished Creatures (collateral kills)
  Fannar (D:11)
  A slime creature (D:12)
  An orc warrior (Orc:1)
  A black bear (D:9)
  An ogre (Orc:1)
  3 gnolls (D:8)
  An ufetubus (Abyss:4)
9 creatures vanquished.

Vanquished Creatures (others)
  A smoke demon (Abyss:4)
  A swamp drake (Lair:3)
  A lurking horror (Abyss:4)
  7 spectral weapons
10 creatures vanquished.

Grand Total: 548 creatures vanquished

Notes
Turn   | Place    | Note
-------+----------+-------------------------------------------
     0 | D:1      | Spaninq the Demonspawn Berserker began the quest for the
                  | Orb.
     0 | D:1      | Reached XP level 1. HP: 18/18 MP: 1/1
    53 | D:1      | Gained mutation: You regenerate magic rapidly. [demonic
                  | ancestry]
    53 | D:1      | Reached XP level 2. HP: 20/24 MP: 2/2
   798 | D:1      | Reached ** piety under Trog
   809 | D:1      | Reached XP level 3. HP: 25/29 MP: 3/3
  1906 | D:3      | Gained mutation: You are surrounded by a mild repulsion
                  | field. (EV +2) [demonic ancestry]
  1906 | D:3      | Reached XP level 4. HP: 9/36 MP: 4/4
  1910 | D:3      | Reached skill level 1 in Shields
  2236 | D:3      | Found a blossoming altar of Fedhas.
  2347 | D:3      | Found a burning altar of Makhleb.
  2433 | D:3      | Identified the +9 whip "Demonbane" {spect, Fly rC- rN+++
                  | Int+3}
  2682 | D:3      | Reached skill level 1 in Maces & Flails
  2682 | D:3      | Reached XP level 5. HP: 22/42 MP: 5/5
  2890 | D:4      | Reached skill level 4 in Fighting
  2935 | D:4      | Identified the +4 dagger of the Equinox {heavy, rElec SInv}
  2949 | D:4      | Found an opulent altar of Gozag.
  3065 | D:4      | Reached XP level 6. HP: 35/48 MP: 6/6
  3075 | D:4      | Reached *** piety under Trog
  3079 | D:4      | Found a staircase to the Ecumenical Temple.
  3424 | D:5      | Entered Level 5 of the Dungeon
  3434 | D:5      | Noticed Prince Ribbit
  3471 | D:5      | Found a sand-covered staircase.
  3476 | Ossuary  | Entered an ossuary
  3578 | Ossuary  | Reached **** piety under Trog
  3666 | Ossuary  | Reached XP level 7. HP: 50/55 MP: 7/7
  3793 | D:5      | Noticed Blork the orc
  3800 | D:5      | Killed Blork the orc
  3966 | D:5      | Reached skill level 5 in Fighting
  4129 | D:5      | Gained mutation: You are surrounded by a moderate repulsion
                  | field. (EV +3) [demonic ancestry]
  4129 | D:5      | Reached XP level 8. HP: 23/62 MP: 8/8
  4140 | D:5      | Reached skill level 5 in Shields
  4302 | D:5      | Noticed Eustachio
  4307 | D:5      | Killed Eustachio
  4308 | D:5      | Reached skill level 5 in Maces & Flails
  4403 | D:5      | Killed Prince Ribbit
  4587 | D:5      | Found Ykkau's Armour Emporium.
  4595 | D:5      | Bought a +2 pair of gloves of stealth for 322 gold pieces
  4727 | D:5      | Found an ornate altar of the Wu Jian Council.
  4904 | D:6      | Reached skill level 6 in Fighting
  5182 | D:6      | Found a snail-covered altar of Cheibriados.
  5225 | D:6      | Gained mutation: A weak demonic guardian rushes to your
                  | aid. [demonic ancestry]
  5225 | D:6      | Reached XP level 9. HP: 61/69 MP: 9/9
  5267 | D:6      | Reached ***** piety under Trog
  5275 | D:6      | Noticed Pikel
  5291 | D:6      | Killed Pikel
  5401 | D:6      | Noticed Menkaure
  5407 | D:6      | Killed Menkaure
  5550 | D:6      | Reached skill level 7 in Fighting
  6342 | D:7      | Received a gift from Trog
  6343 | D:7      | Reached skill level 5 in Armour
  6499 | D:7      | Reached XP level 10. HP: 57/79 MP: 10/10
  6959 | D:8      | Noticed Erica
  6972 | D:8      | Killed Erica
  6973 | D:8      | Reached skill level 8 in Fighting
  7562 | D:9      | Noticed an elephant
  7562 | D:9      | Noticed a two-headed ogre
  7562 | D:9      | Found a staircase to the Lair.
  7727 | D:9      | Reached skill level 10 in Maces & Flails
  7818 | D:9      | Found a transporter.
  7887 | D:9      | Found a transporter.
  7927 | D:9      | Gained mutation: You have a pair of small antennae on your
                  | head. [demonic ancestry]
  7927 | D:9      | Reached XP level 11. HP: 84/87 MP: 11/11
  7939 | D:9      | Reached skill level 9 in Fighting
  7965 | D:9      | Found a stormy altar of Qazlal.
  7987 | D:9      | Killed a two-headed ogre
  8090 | D:9      | Identified a scroll of acquirement
  8090 | D:9      | Acquired 499 gold pieces
  8112 | D:9      | Received a gift from Trog
  8134 | D:9      | Noticed a two-headed ogre
  8144 | D:9      | Killed a two-headed ogre
  8426 | D:9      | Found a basalt altar of Yredelemnul.
  8430 | D:9      | Noticed a death knight
  8436 | D:9      | Found an ancient bone altar of Kikubaaqudgha.
  8508 | D:10     | Entered Level 10 of the Dungeon
  8741 | D:10     | Found a staircase to the Orcish Mines.
  9077 | D:10     | Reached skill level 10 in Fighting
  9284 | D:10     | Found The Oracle's Delphic Readings.
  9627 | D:11     | Noticed Fannar
  9643 | D:11     | Killed Fannar
  9961 | D:11     | Reached skill level 11 in Fighting
  9980 | D:11     | Noticed a three-headed hydra
  9984 | D:11     | Killed a three-headed hydra
 10363 | D:11     | Noticed Maurice
 10369 | D:11     | Killed Maurice
 10628 | D:12     | Gained mutation: When hurt, damage is shared between your
                  | health and your magic reserves. [demonic ancestry]
 10628 | D:12     | Reached XP level 12. HP: 100/100 MP: 12/12
 10648 | D:12     | Noticed a two-headed ogre
 10655 | D:12     | Killed a two-headed ogre
 10977 | D:12     | Reached skill level 5 in Axes
 11332 | D:12     | Reached skill level 12 in Fighting
 11576 | D:12     | Found an iron altar of Okawaru.
 11666 | D:12     | Noticed a boulder beetle
 11782 | D:12     | Killed a boulder beetle
 12394 | D:12     | Noticed Psyche
 12400 | D:12     | Killed Psyche
 12454 | D:13     | Identified the "Xyunnes"
 12530 | D:13     | Noticed a tengu warrior
 12544 | D:13     | Killed a tengu warrior
 12762 | D:13     | Noticed a rakshasa
 12905 | Gauntlet | Identified the "Oneahih"
 12905 | Lair:1   | Entered Level 1 of the Lair of Beasts
 13591 | Lair:1   | Gained mutation: You have a pair of antennae on your head.
                  | [demonic ancestry]
 13591 | Lair:1   | Reached XP level 13. HP: 99/109 MP: 11/13
 14390 | Lair:2   | Found a hole to the Spider Nest.
 14413 | Lair:2   | Reached skill level 13 in Fighting
 14762 | Lair:2   | You are sucked into a shaft and drop 2 floors!
 15850 | Lair:3   | Found a staircase to the Swamp.
 15879 | Lair:3   | Reached skill level 10 in Axes
 16440 | Lair:4   | Reached ****** piety under Trog
 16440 | Lair:4   | Received a gift from Trog
 17000 | Orc:1    | Entered Level 1 of the Orcish Mines
 17146 | Orc:1    | Noticed an orc warlord
 17243 | Orc:1    | Killed an orc warlord
 17618 | Orc:2    | Entered Level 2 of the Orcish Mines
 17626 | Orc:2    | Noticed an orc warlord
 17644 | Orc:2    | Gained mutation: Your presence sometimes corrodes those you
                  | injure. [demonic ancestry]
 17644 | Orc:2    | Reached XP level 14. HP: 113/119 MP: 14/14
 17653 | Orc:2    | Found Hopemm's Antique Armour Shoppe.
 17737 | Orc:2    | Paralysed by an orc sorcerer for 2 turns
 17780 | Orc:2    | Found Kiyw's General Store.
 17815 | Orc:2    | Bought a scroll of acquirement for 780 gold pieces
 17815 | Orc:2    | Acquired 836 gold pieces
 17880 | Abyss:4  | Found a corrupted altar of Lugonu.
 17880 | Abyss:4  | Cast into level 4 of the Abyss (orc warlord)
 17885 | Abyss:4  | Found a corrupted altar of Lugonu.
 18018 | Abyss:4  | Reached skill level 14 in Fighting
 18097 | Abyss:4  | Gained mutation: You are frail. (-10% HP) [a neqoxec]
 18126 | Abyss:4  | Received a gift from Trog
 18152 | Orc:2    | Escaped the Abyss
 18174 | Orc:2    | HP: 3/162 [orc warlord/+6 war axe of distortion (6)]
 18175 | Orc:2    | Mangled by an orc warlord

Illustrated notes

Levels and vault maps discovered:
D:1:      dpeg_arrival_erosion, layout_basic, minmay_pentomino_p2
D:2:      layout_loops_ring, kennysheep_flooded_box
D:3:      layout_loops_corners, nicolae_overflow_squiral
D:4:      layout_cave_pools, marbit_many_paths, minmay_temple_entry_waves
D:5:      layout_loops_corners, nicolae_overflow_hidden_temple, enter_ossuary_2,
          nicolae_stop_n_shop_1, uniq_blork_the_orc, uniq_prince_ribbit1,
          uniq_eustachio
D:6:      layout_gridville, mainiacjoe_overflow_24_doors, uniq_pikel,
          uniq_menkaure
D:7:      layout_loops_cross, st_stairs_4, minmay_ruffians
D:8:      layout_rooms, kennysheep_generic_room_7, uniq_erica
D:9:      layout_small_grid, gammafunk_temple_of_torment, lemuel_round_altar,
          grunt_qazlal_sundering, david_lair_generic, serial_undead,
          serial_undead_e, serial_undead_b, serial_undead_d, serial_undead_d,
          serial_undead_a
D:10:     layout_roguey, david_orc_3, nicolae_nh_oracle_at_delphi
D:11:     layout_stronghold, hangedman_ranch, uniq_fannar, uniq_maurice
D:12:     layout_layer_cave, okawaru_trees_2, uniq_psyche
D:13:     layout_cave_pods, gammafunk_ghost_icy
Lair:1:   layout_misc_corridors, beast_lair_carwin_5
Lair:2:   layout_hall_layers, nicolae_spider_entry_non_spiders, basic_altar,
          grunt_megastairs_4
Lair:3:   layout_chaotic_city, mainiacjoe_swamp_entry_lozenge_pond,
          infiniplex_staircase_pool_2
Lair:4:   layout_roguey, nicolae_quartered_pool_super
Orc:1:    layout_diamond_mine
Orc:2:    grunt_orc_gardens, layout_caves, grunt_orc_garden, grunt_orc_garden,
          grunt_orc_garden, grunt_orc_garden

Skill      XL: |  1  2  3  4  5  6  7  8  9 10 11 12 13 14 |
---------------+-------------------------------------------+-----
Axes           | 3 4 8 11 | 11.9
Shields        | 2 3 4 5 7 8 9 |  9.4
Maces & Flails | 1 2 3 4 6 8 10 11 | 11.6
Fighting       | 4 5 6 7 8 11 12 13 14 | 14.2
Armour         | 3 5 6 7 |  7.0
Dodging        | |  1.7

Action                     |  1- 3 |  4- 6 |  7- 9 | 10-12 | 13-15 || total
---------------------------+-------+-------+-------+-------+-------++-------
  Melee: Hand axe          |   123 |    56 |       |       |       ||   179
         Whip              |       |   108 |   229 |   666 |   419 ||  1422
         Broad axe         |       |       |       |     5 |   264 ||   269
         Scimitar          |       |       |       |     3 |       ||     3
 Invoke: Trog's Hand       |       |       |       |     3 |     5 ||     8
         Brothers in Arms  |       |       |       |     2 |     2 ||     4
         Berserk           |       |       |       |       |     3 ||     3
    Use: Scroll            |       |     1 |       |    24 |     2 ||    27
         Potion            |       |       |       |     1 |     3 ||     4
   Stab: Distracted        |       |       |     4 |    20 |     6 ||    30
         Invisible         |       |       |       |       |    10 ||    10
         Confused          |       |       |       |       |     1 ||     1
 Armour: Animal skin       |    57 |       |       |       |       ||    57
         Ring mail         |    13 |     5 |       |       |       ||    18
         Chain mail        |       |    57 |    54 |       |       ||   111
         Plate armour      |       |       |    59 |   259 |   429 ||   747
  Dodge: Dodged            |    86 |    53 |    49 |   153 |   236 ||   577
  Block: Buckler           |       |    23 |    28 |   105 |   187 ||   343
         Reflection        |       |       |       |    10 |     3 ||    13

Table legend: (Time is in decaauts)
 A = Elapsed time spent in this place.
 B = Non-inter-level travel time spent in this place.
 C = Inter-level travel time spent in this place.
 D = Time resting spent in this place.
 E = Time spent auto-exploring this place.
 F = Levels seen in this place.
 G = Mean time per level.
                   A        B        C        D        E       F      G
               +--------+--------+--------+--------+--------+-----+--------+
         Total |  17673 |  16581 |   1092 |    800 |  11942 |  21 |  841.6 |
       Dungeon |  12615 |  11722 |    893 |    550 |   8916 |  13 |  970.4 |
          Lair |   3633 |   3447 |    186 |    141 |   2522 |   4 |  908.2 |
  Orcish Mines |    850 |    839 |     11 |    105 |    385 |   2 |  425.0 |
         Abyss |    273 |    273 |      0 |      0 |      0 |   1 |  273.0 |
       Ossuary |    300 |    300 |      0 |      4 |    119 |   1 |  300.0 |
               +--------+--------+--------+--------+--------+-----+--------+

Top non-repeatable levels by time:
    D:11: 1537 daAuts
    D:12: 1480 daAuts
     D:5: 1192 daAuts
     D:1: 1143 daAuts
     D:3: 1089 daAuts
    D:10: 1040 daAuts
  Lair:3: 1021 daAuts
     D:6: 1010 daAuts
     D:9: 986 daAuts
  Lair:1: 971 daAuts
     D:7: 926 daAuts
  Lair:2: 869 daAuts
  Lair:4: 770 daAuts
     D:2: 664 daAuts
     D:8: 654 daAuts
